 Dungeon Crawl Stone Soup version 0.30.1-3-gfc49f6343a (webtiles) character file.

Game seed: 7261005379900811255

21 Heoruswealwe the Conjurer (level 2, 15/15 HPs)
             Began as a Deep Elf Conjurer on Aug 3, 2023.
             Got out of the dungeon alive.
             The game lasted 00:06:05 (825 turns).

Heoruswealwe the Conjurer (Deep Elf Conjurer)        Turns: 825, Time: 00:06:06

Health: 15/15      AC:  3    Str:  4    XL:     2   Next: 62%
Magic:  8/8        EV: 12    Int: 22    God:
Gold:   42         SH:  0    Dex: 13    Spells: 5/8 levels left

rFire   . . .        (no weapon)
rCold   . . .        (no shield)
rNeg    . . .        c - +0 robe
rPois   .            (no helmet)
rElec   .            (no cloak)
rCorr   .            f - +0 pair of gloves
SInv    .            (no boots)
Will    .....        (no amulet)
Stlth   ++           (no ring)
HPRegen 0.22/turn    (no ring)
MPRegen 0.11/turn

%: no passive effects
@: no status effects
A: no striking features
a: no special abilities


You escaped.
You visited 1 branch of the dungeon, and saw 1 of its levels.

You collected 42 gold pieces.

Inventory:

Armour
 c - a +0 robe (worn)
 f - a +0 pair of gloves (worn)
Potions
 b - a potion of magic


   Skills:
 - Level 2.4 Dodging
 - Level 2.4 Stealth
 + Level 3.8 Spellcasting
 + Level 4.8 Conjurations


You had 5 spell levels left.
You knew the following spells:

 Your Spells              Type           Power      Damage    Failure   Level
a - Magic Dart            Conj           100%       1d8       1%          1
b - Searing Ray           Conj           50%        2d6       2%          2

Your spell library contained the following spells:

 Spells                   Type           Power      Damage    Failure   Level
 Dazzling Flash           Conj/Hex       28%        N/A       13%         3
 Fulminant Prism          Conj/Hex       7%         3d7       38%         4
 Iskenderun's Mystic Bla  Conj/Tloc      14%        2d5       38%         4


Dungeon Overview and Level Annotations

Branches:
Dungeon (1/15)

Altars:


Message History

Found a pair of gloves.
Found a stone staircase leading down.
You see here a +0 pair of gloves.
a - a +0 pair of gloves Adjust (i)tems, (s)pells, or (a)bilities?
a - a +0 pair of gloves Adjust to which letter? (? for menu, Esc to quit)
f - a +0 pair of gloves You start putting on your armour.
You continue putting on your +0 pair of gloves. x4
You finish putting on your +0 pair of gloves.
A rat comes into view.
Found a ruby potion.
The magic dart hits the rat.
You kill the rat!
Found a spear.
a - a ruby potion It was a potion of cancellation.
You feel magically purged.
You see here a +0 spear.
A rat comes into view.
The magic dart hits the rat.
You kill the rat!
You see here a rat corpse.
An endoplasm comes into view.
The magic dart hits the endoplasm.
The endoplasm is moderately wounded.
The endoplasm quivers.
The endoplasm barely misses you.
The magic dart hits the endoplasm!
You kill the endoplasm!
Done exploring.
Done exploring.
Done exploring.
Done exploring.
Done exploring.
Done exploring.
Done exploring.
Done exploring.
There is a staircase leading out of the dungeon here.
Are you sure you want to leave the Dungeon?
This will make you lose the game!
You have escaped!

.# ####.#.# #.##.
.# #....#.#
########### #.##.
.# #.####.#
#.........####.##.
.# #.# #.#
#.8.#####......##.
.# #.# #.#
#...#≈≈≈#.#######.
.# #.# #.#
#.#.#≈≈≈#.# #. .#
#.# #.#
#.#.#≈≈≈#.# #. .##
#.# #.#
#.#.#####.# ##.
..###.# #.#
#@#.......# #..
...##.# #.#
#.#.#####.# #..
....#.## #.#
#.#.#S≈≈#.######.#
...##..# #.#
#.#.#≈≈≈#.#......#
..####.# #.#
#...#≈≈S#.##.#....
†## #.# #.#
#.8.#####....#.#.#
### #.# #.#
#.........####.#.#
..# #.# #.#
###########....#.#
#.####.# #.#
#...#.#.#..###.#


There were no monsters in sight!

Vanquished Creatures
  A bat (D:1)
  2 endoplasms (D:1)
  A goblin (D:1)
  A hobgoblin (D:1)
  6 kobolds (D:1)
  A quokka (D:1)
  3 ball pythons (D:1)
  2 frilled lizards (D:1)
  2 rats (D:1)
19 creatures vanquished.

Notes
Turn   | Place    | Note
-------+----------+-------------------------------------------
     0 | D:1      | Heoruswealwe the Deep Elf Conjurer began the quest for the
                  | Orb.
     0 | D:1      | Reached XP level 1. HP: 10/10 MP: 6/6
     3 | D:1      | Noticed an electric eel
     3 | D:1      | Noticed an electric eel
   202 | D:1      | Reached XP level 2. HP: 15/15 MP: 3/8
   205 | D:1      | Learned a level 2 spell: Searing Ray
   825 | D:$      | Got out of the dungeon alive.

Illustrated notes

Levels and vault maps discovered:
D:1:      arrival_aquarium_b, layout_loops_ring

Action                     || total
---------------------------++-------
   Cast: Magic Dart        ||    24
    Use: Potion            ||     4
         Scroll            ||     3
  Dodge: Dodged            ||     1
